 Dungeon Crawl Stone Soup version 0.32-a0-699-g1ee5eff69a (webtiles) character file.

Game seed: 753017429014483507

340 arcshroob the Trooper (level 6, -1/84 HPs)
             Began as a Draconian Shapeshifter on Mar 13, 2024.
             Was a Follower of Beogh.
             Slain by a black bear (3 damage)
             ... on level 5 of the Dungeon.
             The game lasted 00:08:43 (3082 turns).

arcshroob the Trooper (Draconian Shapeshifter)      Turns: 3082, Time: 00:08:44

Health: -1/84      AC: 23    Str: 16    XL:     6   Next: 30%
Magic:  6/6        EV:  2    Int: 11    God:    Beogh [*.....]
Gold:   249        SH:  0    Dex: 12    Spells: 5/5 levels left

rFire   . . .        e - +2 dagger (vamp)
rCold   . . .        (no shield)
rNeg    . . .        (body armour unavailable)
rPois   +            (helmet currently unavailable)
rElec   .            (cloak currently unavailable)
rCorr   .            (gloves currently unavailable)
SInv    .            (boots currently unavailable)
Will    .....        (no amulet)
Stlth   +            (no ring)
HPRegen 0.34/turn    (no ring)
MPRegen 0.10/turn

%: no passive effects
@: tree-form
A: stationary, stasis, torment immunity, boosted hp, AC +6, unfitting armour,
(cold-blooded)
a: Renounce Religion


You were on level 5 of the Dungeon.
You worshipped Beogh.
Beogh was aware of your devotion.
You were a tree.
You visited 1 branch of the dungeon, and saw 5 of its levels.

You collected 249 gold pieces.

Inventory:

Hand Weapons
 e - a +2 vampiric dagger (weapon)
Talismans
 b - a beast talisman (active)
 c - a flux talisman
Scrolls
 d - a scroll of identify
 i - a scroll of vulnerability {unknown}
 l - a scroll of blinking {unknown}
Potions
 a - a potion of lignification
 f - a potion of attraction {unknown}
 g - a potion of mutation {unknown}
 h - a potion of curing
 j - a potion of resistance {unknown}
 k - a potion of cancellation {unknown}


   Skills:
 - Level 5.4 Fighting
 - Level 3.0 Dodging
 - Level 3.0 Unarmed Combat
 + Level 4.1 Shapeshifting


You had 5 spell levels left.
You didn't know any spells.
Your spell library contained the following spells:

 Spells                   Type           Power      Damage    Failure   Level
 Shock                    Conj/Air       0%         1d3       34%         1
 Slow                     Hex            0%         N/A       34%         1
 Swiftness                Air            0%         N/A       71%         3
 Airstrike                Air            0%         2d(0-16)  98%         4


Dungeon Overview and Level Annotations

Branches:
Dungeon (5/15)
 Temple: D:4-7

Altars:
Ru
Trog

Annotations:
D:4 1 runed translucent door, Blork the orc; Pargi; adelrune's ghost, amateur CoHu


Innate Abilities, Weirdness & Mutations

You are a tree.
Your roots penetrate the ground, keeping you stationary.
You cannot be teleported.
You are immune to unholy pain and torment.
Your maximum health is greatly increased.
Your equipment is partially melded.
((Your plain brown scales are hard. (AC +6)))
You cannot fit into any form of body armour.
((You are cold-blooded and may be slowed by cold attacks.))


Message History

The black bear closely misses the orc.
The black bear barely misses the orc. x2
The gnoll hits you from afar with a +0 halberd!
* * * LOW HITPOINT WARNING * * *
Your transformation has ended.
You turn into a tree.
Your roots penetrate the ground.
The gnoll hits you but does no damage.
The gnoll bouda completely misses the orc.
The orc wizard gestures wildly while chanting.
The orc wizard flickers and vanishes!
Deactivating autopickup; reactivate with Ctrl-A.
The orc hits the orc with a +0 short sword.
The black bear bites the orc.
The orc dies!
The gnoll hits you but does no damage.
You hit the gnoll bouda but do no damage.
The gnoll bouda is heavily wounded.
The gnoll is no longer moving quickly.
The gnoll hits you but does no damage.
The gnoll bouda hits you but does no damage.
The gnoll hits you but does no damage.
You closely miss the gnoll bouda.
The gnoll bouda is heavily wounded.
The orc wizard shouts!
You hear a shout!
The gnoll hits you with a +0 whip.
* * * LOW HITPOINT WARNING * * *
The gnoll bouda calls upon its god to heal the gnoll.
The gnoll is healed somewhat.
The black bear bites you but does no damage.
The black bear claws you.
* * * LOW HITPOINT WARNING * * *
The black bear claws you but does no damage.
The gnoll hits you but does no damage.
You hit the gnoll bouda.
The gnoll bouda is severely wounded.
The gnoll barely misses you.
The gnoll bouda hits you with a +0 club.
* * * LOW HITPOINT WARNING * * *
An orc comes into view. It is wielding a +0 falchion.
The orc wizard gestures wildly while chanting.
The orc wizard flickers and vanishes!
The black bear bites you.
You die...

...g #.... ..{...
...... ####....o#
#........#
#.og{....# . #
##gg......#
..#~#####)♣ho.....#
......#..)####....#
.............+....'
.)...........#....#
..................+
..................#
..........#......##
######....####...#
#....# #...#


You could see a black bear, a gnoll bouda, 2 gnolls and 3 orcs.

Vanquished Creatures
  Sigmund (D:2)
  Robin (D:4)
  6 adders
  2 gnolls (D:5)
  4 ribbon worms
  2 dart slugs (D:2)
  3 orcs
  3 ball pythons
  4 endoplasms
  A giant cockroach (D:1)
  15 goblins
  9 hobgoblins
  8 jackals
  7 quokkas
  5 bats
  3 frilled lizards
  9 kobolds
  3 rats
86 creatures vanquished.

Vanquished Creatures (others)
  2 orcs (D:5)
2 creatures vanquished.

Grand Total: 88 creatures vanquished

Notes
Turn   | Place    | Note
-------+----------+-------------------------------------------
     0 | D:1      | arcshroob the Draconian Shapeshifter began the quest for
                  | the Orb.
     0 | D:1      | Reached XP level 1. HP: 16/16 MP: 1/1
   122 | D:1      | Reached XP level 2. HP: 19/23 MP: 2/2
   643 | D:1      | Reached XP level 3. HP: 29/29 MP: 3/3
   810 | D:2      | Reached skill level 2 in Fighting
   880 | D:2      | Found a sacrificial altar of Ru.
  1206 | D:2      | Noticed Sigmund
  1260 | D:2      | Reached skill level 3 in Fighting
  1345 | D:2      | Killed Sigmund
  1346 | D:2      | Reached skill level 5 in Fighting
  1346 | D:2      | Reached XP level 4. HP: 42/42 MP: 4/4
  1346 | D:2      | Reached XP level 5. HP: 48/48 MP: 5/5
  1840 | D:3      | Became a worshipper of Beogh the Shepherd
  1913 | D:3      | Found a faded altar of an unknown god.
  1931 | D:3      | Got Plato's Lectures on Maleficia
  2088 | D:3      | Found a bloodstained altar of Trog.
  2594 | D:4      | Reached XP level 6. HP: 56/56 MP: 6/6
  2684 | D:4      | Noticed Robin
  2707 | D:4      | Reached * piety under Beogh
  2730 | D:4      | Killed Robin
  2793 | D:4      | Noticed Pargi
  2834 | D:4      | Noticed Blork the orc
  2854 | D:4      | Found a runed translucent door.
  2855 | D:4      | Noticed adelrune's ghost (amateur CoHu)
  2884 | D:5      | Entered Level 5 of the Dungeon
  3081 | D:5      | HP: 4/84 [black bear (1)]
  3082 | D:5      | Slain by a black bear

Illustrated notes

Levels and vault maps discovered:
D:1:      hellmonk_arrival_library, layout_basic, st_stairs_7,
          serial_bayou_pond_a
D:2:      layout_rooms, basic_altar, serial_co_window_serial,
          co_window_corner_a, co_window_corner_a, co_window_corner_a,
          co_window_of_opportunity_a, co_window_of_opportunity_a,
          co_window_2corner, co_window_cross_3, co_window_cross_4,
          co_window_broadway_c, co_window_broadway_b, co_window_paths_e,
          glass_columns_a, glass_columns_a, glass_columns_b, glass_columns_b,
          glass_columns_a, dk_noncrumbling_3, uniq_sigmund
D:3:      layout_basic, mainiacjoe_overflow_six_doors_small,
          shapermc_ecumenical_altar_rom_forum, grunt_decor_mini_mirrors
D:4:      layout_basic, gammafunk_ghost_grave, uniq_pargi,
          uniq_crazy_yiuf_cottage, uniq_robin, uniq_blork_the_orc
D:5:      layout_basic, nicolae_overflow_crystal_walls,
          mainiacjoe_sewer_entry_somewhere_in_here_1, uniq_pikel

Skill      XL: |  1  2  3  4  5  6 |
---------------+-------------------+-----
Dodging        | 2 3 |  3.0
Fighting       | 5 |  5.4
Shapeshifting  | 4 |  4.1
Unarmed Combat | |  3.0

Action                     |  1- 3 |  4- 6 || total
---------------------------+-------+-------++-------
  Melee: Unarmed           |    48 |       ||    48
         Punch             |     1 |       ||     1
         Dagger            |   112 |   142 ||   254
         Tailslap          |     9 |    17 ||    26
 Invoke: Convert to Beogh  |       |     1 ||     1
    Use: Potion            |     1 |     2 ||     3
         Scroll            |       |     2 ||     2
   Stab: Sleeping          |       |     1 ||     1
 Armour: Skin              |   108 |   113 ||   221
  Dodge: Dodged            |   100 |   109 ||   209

Table legend: (Time is in decaauts)
 A = Elapsed time spent in this place.
 B = Non-inter-level travel time spent in this place.
 C = Inter-level travel time spent in this place.
 D = Time resting spent in this place.
 E = Time spent auto-exploring this place.
 F = Levels seen in this place.
 G = Mean time per level.
                   A        B        C        D        E       F      G
               +--------+--------+--------+--------+--------+-----+--------+
         Total |   3085 |   3059 |     26 |      0 |   2146 |   5 |  617.0 |
       Dungeon |   3085 |   3059 |     26 |      0 |   2146 |   5 |  617.0 |
               +--------+--------+--------+--------+--------+-----+--------+

Top non-repeatable levels by time:
     D:2: 1062 daAuts
     D:1: 760 daAuts
     D:3: 686 daAuts
     D:4: 376 daAuts
     D:5: 198 daAuts
